 Dungeon Sprint DCSS version 0.21-a0-274-gc1afaeb (webtiles) character file.

123 potatolord6000 the Chopper (level 5, -2/52 HPs)
             Began as a Hill Orc Monk on Sept 18, 2017.
             Was an Elder of Beogh.
             Slain by a wight
             ... wielding a cursed +0 halberd
              (10 damage)
             ... in the Dungeon (Sprint VII: "The Pits").
             The game lasted 00:01:32 (369 turns).

potatolord6000 the Chopper (Hill Orc Monk)           Turns: 369, Time: 00:01:32

Health: -2/52      AC:  2    Str: 15    XL:     5   Next: 7%
Magic:  4/9        EV: 12    Int: 10    God:    Beogh [****..]
Gold:   0          SH:  0    Dex: 13    Spells: 4/4 levels left

rFire    . . .     SeeInvis .   j - +2 hand axe
rCold    . . .     Gourm    .   (no shield)
rNeg     . . .     Faith    .   b - +0 robe
rPois    .         Spirit   .   (no helmet)
rElec    .         Reflect  .   (no cloak)
rCorr    .         Harm     .   (no gloves)
MR       .....     NoTele   +   (no boots)
Stlth    ++........             (no amulet)
HPRegen  0.17/turn              (no ring)
MPRegen  0.11/turn              (no ring)

@: berserk cooldown, very slightly contaminated, slowed, drained, invisible,
very slow
A: no striking features
a: Smiting, Recall Orcish Followers, Renounce Religion


You were in the Dungeon.
You worshipped Beogh.
Beogh was greatly pleased with you.
You were not hungry.

You visited 1 branch

Inventory:

Hand Weapons
 j - a +2 hand axe (weapon)
Armour
 b - a +0 robe (worn)
Scrolls
 i - a scroll of blinking
 k - 3 scrolls of remove curse
 l - 5 scrolls of amnesia
 m - a scroll of summoning
Potions
 a - a potion of invisibility
 g - 4 potions of magic
 h - 2 potions of berserk rage
Comestibles
 c - 8 bread rations
 n - 40 fruits
 o - 7 meat rations


   Skills:
 + Level 7.0(6.7) Fighting
 + Level 7.5(7.2) Axes
 + Level 4.8(4.6) Armour
 - Level 2.4(2.1) Dodging
 - Level 1.5(1.3) Stealth
 + Level 5.8(5.6) Invocations


You had 4 spell levels left.
You didn't know any spells.

Dungeon Overview and Level Annotations

Branches:
Dungeon (1/1)

Altars:
Ashenzari
Cheibriados
Dithmenos
Elyvilon
Fedhas
Gozag
Hepliaklqana
Kikubaaqudgha
Makhleb
Nemelex Xobeh
Okawaru
Qazlal
Ru
Sif Muna
Trog
Uskayaw
Vehumet
Wu Jian
Xom
Yredelemnul
Zin
The Shining One
Beogh
Jiyva
Lugonu


Message History

You hit the wight but do no damage.
The wight is moderately damaged.
The wight hits you with a scimitar.
You feel drained.
You hit the wight but do no damage.
The wight is moderately damaged.
Unknown command.
You closely miss the wight.
The wight is moderately damaged.
You strike the helpless wight from behind!
You hit the wight but do no damage.
You feel yourself slow down. The wight closely misses you. x2
Unknown command.
You catch the helpless wight completely off-guard!
You hit the wight but do no damage.
The wight is moderately damaged.
You hit the wight. The wight hits you with a scimitar!
* * * LOW HITPOINT WARNING * * *
The wight hits you with a halberd!
You die...

#..........†'...........
#+#####'#####......#..#.
#.)÷..##...........
#####'#####'#####++
#..†..##.......#
#.....##.......#
###)####.......#
##+#.zz..##...<...#
#.....@..##.......#
#........##.......#
###########.......#
#########


You could see 2 wights.

Vanquished Creatures
  2 wights (D)
  A worker ant (D)
  A river rat (D)
  An orc (D)
  2 ball pythons (D)
  2 jackals (D)
  A giant cockroach zombie (D)
  A leopard gecko skeleton (D)
11 creatures vanquished.

Notes
Turn   | Place    | Note
-------+----------+-------------------------------------------
     0 | D        | potatolord6000 the Hill Orc Monk began the quest for the Orb.
     0 | D        | Reached XP level 1. HP: 19/19 MP: 1/1
    25 | D        | Found a bloodstained altar of Trog.
    25 | D        | Found a deep blue altar of Sif Muna.
    25 | D        | Found a viscous altar of Jiyva.
    25 | D        | Found a hazy altar of Hepliaklqana.
    25 | D        | Found an opulent altar of Gozag.
    52 | D        | Found a glowing golden altar of the Shining One.
    52 | D        | Found a glowing silver altar of Zin.
    52 | D        | Found a basalt altar of Yredelemnul.
    52 | D        | Found a shimmering altar of Xom.
    52 | D        | Found an ornate altar of the Wu Jian Council.
    52 | D        | Found a sacrificial altar of Ru.
    52 | D        | Found a stormy altar of Qazlal.
    52 | D        | Found an iron altar of Okawaru.
    52 | D        | Found a sparkling altar of Nemelex Xobeh.
    52 | D        | Found a burning altar of Makhleb.
    52 | D        | Found a blossoming altar of Fedhas.
    52 | D        | Found a white marble altar of Elyvilon.
    52 | D        | Found a shadowy altar of Dithmenos.
    52 | D        | Found a snail-covered altar of Cheibriados.
    54 | D        | Found a radiant altar of Vehumet.
    54 | D        | Found a corrupted altar of Lugonu.
    54 | D        | Found a roughly hewn altar of Beogh.
    56 | D        | Found an ancient bone altar of Kikubaaqudgha.
    56 | D        | Found a hide-covered altar of Uskayaw.
    56 | D        | Found a shattered altar of Ashenzari.
    64 | D        | Became a worshipper of Beogh the Brigand
    64 | D        | Reached * piety under Beogh
    64 | D        | Reached ** piety under Beogh
    87 | D        | Reached skill level 1 in Armour
   308 | D        | Noticed a worker ant
   312 | D        | Reached skill level 1 in Invocations
   326 | D        | Killed a worker ant
   326 | D        | Reached *** piety under Beogh
   326 | D        | Reached skill level 5 in Fighting
   326 | D        | Reached skill level 5 in Axes
   326 | D        | Reached XP level 2. HP: 12/29 MP: 1/4
   326 | D        | Reached XP level 3. HP: 15/36 MP: 1/5
   353 | D        | Reached **** piety under Beogh
   353 | D        | Reached XP level 4. HP: 45/45 MP: 2/7
   358 | D        | Reached skill level 5 in Invocations
   358 | D        | Reached XP level 5. HP: 28/52 MP: 2/9
   369 | D        | Slain by a wight

Vault maps used:
D:        pitsprint

Skill      XL: |  1  2  3  4 |
---------------+-------------+-----
Fighting       | 5 6 7 |  7.0
Armour         | 2 4 |  4.8
Invocations    | 3 4 5 |  5.8
Axes           | 5 6 7 |  7.5
Dodging        | |  2.4
Stealth        | |  1.5

Action                   |  1- 3 |  4- 6 || total
-------------------------+-------+-------++-------
Melee: Hand axe          |    38 |    13 ||    51
  Use: Potion            |     5 |       ||     5
 Stab: Sleeping          |     1 |       ||     1
       Invisible         |     2 |     5 ||     7
Armor: Robe              |     4 |       ||     4
Dodge: Dodged            |    22 |     6 ||    28

Table legend:
 A = Spawn XP
 B = Non-spawn XP
 C = Spawn XP percentage of total XP
 D = Spawn monster count
 E = Non-spawn monster count
 F = Spawn count percentage of total count
 G = Total turns spent on level
                    A         B        C        D         E        F      G
               +---------+---------+-------+---------+---------+-------+---------
         Total |       0 |     177 |   0.0 |       0 |      11 |   0.0 |   369
               +---------+---------+-------+---------+---------+-------+---------
             D |       0 |     177 |   0.0 |       0 |      11 |   0.0 |   369
               +---------+---------+-------+---------+---------+-------+---------
